 Dungeon Crawl Stone Soup version 0.30-a0-585-g93115170b9 (webtiles) character file.

Game seed: 67253816734903845

2216 OTABOTABOTAB the Insei (level 9, -2/80 (81) HPs)
             Began as a Gnoll Transmuter on Jan 2, 2023.
             Was an Initiate of Cheibriados.
             Slain by a wight
             ... wielding a +3 morningstar
              (14 damage)
             ... on level 6 of the Dungeon.
             The game lasted 00:09:29 (5553 turns).

OTABOTABOTAB the Insei (Gnoll Transmuter)           Turns: 5553, Time: 00:09:29

HP:   -2/80 (81)    AC:  7    Str: 13    XL:     9   Next: 35%
MP:   13/19         EV: 12    Int: 21    God:    Cheibriados [......]
Gold: 289           SH:  5    Dex: 14    Spells: 13/21 levels left

rFire   x . .      SeeInvis +      - Unarmed
rCold   + + +      Faith    .    (shield currently unavailable)
rNeg    . . .      Spirit   .    (body armour currently unavailable)
rPois   +          Reflect  +    (helmet currently unavailable)
rElec   .          Harm     .    (cloak currently unavailable)
rCorr   .          Rampage  .    (gloves currently unavailable)
Will    .....                    (boots currently unavailable)
Stlth   +++                      b - amulet of reflection
HPRegen 0.33/turn                I - +6 ring of intelligence
MPRegen 0.16/turn                V - ring of see invisible {sInv, !d}

@: ice-form, lightly drained, very slow
A: freezing attack, amphibious, boosted hp, large, (fangs 1), strong nose,
distributed training
a: End Transformation, Renounce Religion


You were on level 6 of the Dungeon.
You worshipped Cheibriados.
Cheibriados was noncommittal.
You were a creature of crystalline ice.
You visited 2 branches of the dungeon, and saw 7 of its levels.

You collected 289 gold pieces.

Inventory:

Missiles
 o - 8 poisoned darts
 s - 27 stones
 u - 2 boomerangs
Armour
 a - a +0 robe (melded)
 k - a +0 pair of boots
   (You found it on level 3 of the Dungeon)
 w - a +0 pair of gloves
   (You found it on level 5 of the Dungeon)
Magical Staves
 c - a staff of death {rN+}
   (You found it on level 1 of the Dungeon)
 n - a staff of fire {rF+}
   (You found it on level 3 of the Dungeon)
Jewellery
 b - an amulet of reflection (around neck)
   (You found it on level 1 of the Dungeon)
 I - a +6 ring of intelligence (left front paw)
   (You found it on level 5 of the Dungeon)
 V - a ring of see invisible (right front paw) {sInv, !d}
   (You found it on level 3 of the Dungeon)
Wands
 q - a wand of flame (24)
   (You took it off Sigmund on level 4 of the Dungeon)
Scrolls
 d - a scroll of enchant weapon {unknown}
 g - 3 scrolls of teleportation {unknown}
 h - 3 scrolls of identify {unknown}
 i - a scroll of magic mapping {unknown}
 j - a scroll of acquirement {unknown}
 m - 2 scrolls of vulnerability {unknown}
Potions
 e - a potion of might {unknown}
 f - a potion of attraction {unknown}
 l - 2 potions of heal wounds {unknown}
 p - a potion of cancellation {unknown}
 r - a potion of flight {unknown}
 t - a potion of curing {unknown}
 v - a potion of degeneration {unknown}
 x - a potion of invisibility {unknown}
 P - 2 potions of lignification {!q}


   Skills:
 + Level 5.1 Fighting
 + Level 4.3 Short Blades
 + Level 4.3 Long Blades
 + Level 4.3 Axes
 + Level 4.3 Maces & Flails
 + Level 4.3 Polearms
 + Level 4.3 Staves
 + Level 4.3 Ranged Weapons
 + Level 4.3 Throwing
 + Level 4.3 Armour
 + Level 6.3 Dodging
 + Level 4.3 Stealth
 + Level 4.3 Shields
 + Level 7.9 Unarmed Combat
 + Level 6.7 Spellcasting
 + Level 3.5 Conjurations
 + Level 3.5 Hexes
 + Level 3.5 Summonings
 + Level 3.5 Necromancy
 + Level 3.5 Translocations
 + Level 5.3 Transmutations
 + Level 3.5 Fire Magic
 + Level 3.5 Ice Magic
 + Level 3.5 Air Magic
 + Level 3.5 Earth Magic
 + Level 3.5 Poison Magic
 + Level 4.7 Invocations
 + Level 4.3 Evocations


You had 13 spell levels left.
You knew the following spells:

 Your Spells              Type           Power      Damage    Failure   Level
a - Beastly Appendage     Tmut           58%        N/A       1%          1
b - Ice Form              Ice/Tmut       25%        N/A       14%         4
c - Spider Form           Tmut/Pois      25%        N/A       4%          3

Your spell library contained the following spells:

 Spells                   Type           Power      Damage    Failure   Level
 Wereblood                Tmut           29%        N/A       1%          2
 Apportation              Tloc           44%        N/A       2%          1
 Necrotise                Necr           88%        1d8       2%          1
 Shock                    Conj/Air       88%        1d8       2%          1
 Summon Small Mammal      Summ           88%        N/A       2%          1
 Ignite Poison            Fire/Tmut/Pois 24%        N/A       4%          3
 Kindle Blastsparks       Fire/Tloc/Air  44%        2d13      6%          3
 Swiftness                Air            22%        N/A       6%          3
 Vampiric Draining        Necr           22%        2d7       6%          3
 Airstrike                Air            11%        2d(2-18)  22%         4
 Agony                    Necr           22%        N/A       52%         5
 Freezing Cloud           Conj/Ice/Air   11%        6-21      52%         5


Dungeon Overview and Level Annotations

Branches:
Dungeon (6/15)             Temple (1/1) D:6

Altars:
Ashenzari
Cheibriados
Dithmenos
Elyvilon
Fedhas
Gozag
Hepliaklqana
Kikubaaqudgha
Makhleb
Nemelex Xobeh
Okawaru
Qazlal
Ru
Sif Muna
Trog
Uskayaw
Vehumet
Wu Jian
Xom
Yredelemnul
Zin
The Shining One

Shops:
D:4 ?

Annotations:
D:6 exclusion: jelly


Innate Abilities, Weirdness & Mutations

You are a creature of crystalline ice.
You have a powerful freezing melee attack.
You are amphibious.
Your maximum health is increased.
Your armour is entirely melded.
You are incapable of wielding weapons or throwing items.
((You have very sharp teeth.))
Your uncanny sense of smell can sniff out nearby items.
Your experience applies equally to all skills.


Message History

Cheibriados is now slowing the effects of poison on you.
(D) Dungeon (T) Temple
Where to? (Enter - D:6, ? - help)
There is a staircase back to the Dungeon here.
You climb upwards.
Welcome back to the Dungeon!
Level annotation: exclusion: jelly
There is a staircase to the Ecumenical Temple here.
A wight comes into view. It is wielding a +1 war axe.
You see here 3 stones.
Okay, then.
Unknown command.
You miscast Ice Form.
You are very lightly contaminated with residual magic.
Heat is drained from your body!
You take 10 damage, and have 57/67 hp.
You now have 14/18 mp.
You turn into a creature of crystalline ice.
Your +0 robe melds into your body.
You now have 69/80 hp.
A wight comes into view. It is wielding a +0 scimitar.
An adder comes into view.
An ogre comes into view. It is wielding a +0 giant club.
The ogre shouts!
You punch the wight! You freeze the wight.
You destroy the wight!
Cheibriados appreciates the change of pace.
An adder comes into view.
A wight comes into view. It is wielding a +3 morningstar.
Things that are here:
a +1 war axe; a +0 robe Unknown command.
A wight comes into view. It is wielding a +0 battleaxe.
A human comes into view. It is wielding a +0 club.
The ogre barely misses you.
A wight comes into view. It is wielding a +4 spear.
The wight moves out of view.
The adder hisses angrily.
You punch the ogre! You freeze the ogre.
You hear an angry hiss.
The ogre barely misses you.
Unknown command.
You punch the ogre! You freeze the ogre!
You kill the ogre!
Cheibriados appreciates the change of pace.
The wight completely misses you.
Your Fighting skill increases to level 5!
You hit the wight. The wight hits you with a +0 scimitar.
You feel drained.
The wight hits you with a +3 morningstar!
You feel drained.
You take 22 damage, and have 50/78 hp.
MASSIVE DAMAGE!!
The wight attacks as you move away! The wight barely misses you.
Things that are here:
a +1 war axe; a +0 robe You closely miss the adder.
The adder bites you but does no damage.
Your magical contamination has completely faded away.
You punch the adder!
The adder seems to slow down.
You freeze the adder.
You kill the adder!
Cheibriados appreciates the change of pace.
The wight closely misses you. The adder barely misses you.
You hit the adder. You freeze the adder. You block the wight's attack.
The adder barely misses you.
You punch the adder!
The adder seems to slow down.
You freeze the adder.
You kill the adder!
Cheibriados appreciates the change of pace.
The wight hits you but does no damage.
You pummel the human!! You freeze the human! The human closely misses you.
The wight hits you with a +0 scimitar.
You feel drained.
You take 1 damage, and have 51/75 hp.
You hit the wight. The human hits you with a +0 club!
The wight closely misses you.
You take 7 damage, and have 44/75 hp.
You punch the wight!
You destroy the wight!
Cheibriados thoroughly appreciates the change of pace.
The human barely misses you.
You barely miss the human. The human hits you with a +0 club.
You take 3 damage, and have 41/76 hp.
You punch the human! You freeze the human.
You kill the human!
Cheibriados appreciates the change of pace.
Your life force feels restored.
You punch the wight! You freeze the wight. The wight hits you with a +4 spear.
You feel drained.
You take 5 damage, and have 37/80 hp.
You hit the wight but do no damage. The wight hits you with a +4 spear.
You take 6 damage, and have 31/80 hp.
You barely miss the wight. The wight barely misses you.
The wight hits you with a +0 battleaxe!
* * * LOW HITPOINT WARNING * * *
The wight hits you with a +4 spear!
* * * LOW HITPOINT WARNING * * *
You take 19 damage, and have 12/80 hp.
MASSIVE DAMAGE!!
You hit the wight.
You destroy the wight!
Cheibriados appreciates the change of pace.
The wight hits you with a +3 morningstar!
You die...

.. ∆ #. .#### # .... ..
#.?. ##... #... ...
##...# #... ....
....#....#
#.)####..#... ...#.#..#
#..Yz.)...... .
.......# #^.z#....#...
#.##.#.#.###(.##....#
#.#.#.................#
#.#...#.⌠.#...#..#...##
....#.......#......#.#
#.#...⌠.>.⌠...#....#(#
#...#.......#......#.#
#...#.⌠.#........#


You could see 2 wights.

Vanquished Creatures
  Pikel (D:4)
  Grinder (D:4)
  Sigmund (D:4)
  3 humans (D:6)
  Edmund (D:4)
  An ice beast (D:5)
  An ogre (D:6)
  A necrophage (D:5)
  A bullfrog (D:5)
  3 wights (D:6)
  3 killer bees (D:5)
  A jelly (D:6)
  A gnoll bouda (D:4)
  3 iguanas
  10 adders
  3 gnolls
  An ufetubus (D:6)
  5 dart slugs
  9 orcs
  4 ball pythons
  9 endoplasms
  2 giant cockroaches (D:2)
  8 goblins
  13 hobgoblins
  12 jackals
  A quokka (D:2)
  3 bats
  4 frilled lizards
  12 kobolds
  5 rats
123 creatures vanquished.

Vanquished Creatures (others)
  57 plants (D:4)
57 creatures vanquished.

Grand Total: 180 creatures vanquished

Notes
Turn   | Place    | Note
-------+----------+-------------------------------------------
     0 | D:1      | OTABOTABOTAB the Gnoll Transmuter began the quest for the
                  | Orb.
     0 | D:1      | Reached XP level 1. HP: 17/17 MP: 6/6
   130 | D:1      | Reached XP level 2. HP: 23/23 MP: 4/7
   432 | D:1      | Reached skill level 5 in Spellcasting
   432 | D:1      | Reached XP level 3. HP: 26/28 MP: 6/9
  1028 | D:2      | Reached skill level 1 in Invocations
  1114 | D:2      | Reached skill level 1 in Short Blades
  1114 | D:2      | Reached skill level 1 in Long Blades
  1114 | D:2      | Reached skill level 1 in Axes
  1114 | D:2      | Reached skill level 1 in Maces & Flails
  1114 | D:2      | Reached skill level 1 in Polearms
  1114 | D:2      | Reached skill level 1 in Staves
  1114 | D:2      | Reached skill level 1 in Ranged Weapons
  1114 | D:2      | Reached skill level 1 in Throwing
  1114 | D:2      | Reached skill level 1 in Armour
  1114 | D:2      | Reached skill level 1 in Stealth
  1114 | D:2      | Reached skill level 1 in Shields
  1114 | D:2      | Reached skill level 1 in Evocations
  1129 | D:2      | Reached XP level 4. HP: 25/34 MP: 11/11
  1142 | D:2      | Learned a level 3 spell: Spider Form
  1147 | D:2      | Learned a level 4 spell: Ice Form
  1498 | D:2      | Reached skill level 1 in Conjurations
  1498 | D:2      | Reached skill level 1 in Hexes
  1498 | D:2      | Reached skill level 1 in Summonings
  1498 | D:2      | Reached skill level 1 in Necromancy
  1498 | D:2      | Reached skill level 1 in Translocations
  1498 | D:2      | Reached skill level 1 in Fire Magic
  1498 | D:2      | Reached skill level 1 in Ice Magic
  1498 | D:2      | Reached skill level 1 in Air Magic
  1498 | D:2      | Reached skill level 1 in Earth Magic
  1498 | D:2      | Reached skill level 1 in Poison Magic
  2045 | D:3      | Reached XP level 5. HP: 40/40 MP: 10/12
  2264 | D:3      | Reached skill level 3 in Fighting
  2342 | D:3      | Reached skill level 4 in Transmutations
  2636 | D:4      | Found a bloodstained altar of Trog.
  2666 | D:4      | Noticed Pikel
  3008 | D:4      | Noticed a lemure
  3008 | D:4      | Noticed a lemure
  3019 | D:4      | Noticed a lemure
  3022 | D:4      | Noticed a lemure
  3026 | D:4      | Killed Pikel
  3027 | D:4      | Reached skill level 2 in Short Blades
  3027 | D:4      | Reached skill level 2 in Long Blades
  3027 | D:4      | Reached skill level 2 in Axes
  3027 | D:4      | Reached skill level 2 in Maces & Flails
  3027 | D:4      | Reached skill level 2 in Polearms
  3027 | D:4      | Reached skill level 2 in Staves
  3027 | D:4      | Reached skill level 2 in Ranged Weapons
  3027 | D:4      | Reached skill level 2 in Throwing
  3027 | D:4      | Reached skill level 2 in Armour
  3027 | D:4      | Reached skill level 5 in Dodging
  3027 | D:4      | Reached skill level 2 in Stealth
  3027 | D:4      | Reached skill level 2 in Shields
  3027 | D:4      | Reached skill level 7 in Unarmed Combat
  3027 | D:4      | Reached skill level 2 in Conjurations
  3027 | D:4      | Reached skill level 2 in Hexes
  3027 | D:4      | Reached skill level 2 in Summonings
  3027 | D:4      | Reached skill level 2 in Necromancy
  3027 | D:4      | Reached skill level 2 in Translocations
  3027 | D:4      | Reached skill level 2 in Fire Magic
  3027 | D:4      | Reached skill level 2 in Ice Magic
  3027 | D:4      | Reached skill level 2 in Air Magic
  3027 | D:4      | Reached skill level 2 in Earth Magic
  3027 | D:4      | Reached skill level 2 in Poison Magic
  3027 | D:4      | Reached skill level 2 in Invocations
  3027 | D:4      | Reached skill level 2 in Evocations
  3027 | D:4      | Reached XP level 6. HP: 32/48 MP: 9/14
  3027 | D:4      | Reached XP level 7. HP: 35/53 MP: 9/15
  3119 | D:4      | Noticed Grinder
  3120 | D:4      | Paralysed by Grinder for 2 turns
  3133 | D:4      | Killed Grinder
  3134 | D:4      | Reached skill level 3 in Invocations
  3237 | D:4      | Noticed Edmund
  3244 | D:4      | HP: 13/53 [Edmund/+0 heavy dire flail (20)]
  3256 | D:4      | Killed Edmund
  3257 | D:4      | Reached skill level 4 in Fighting
  3257 | D:4      | Reached skill level 3 in Short Blades
  3257 | D:4      | Reached skill level 3 in Long Blades
  3257 | D:4      | Reached skill level 3 in Axes
  3257 | D:4      | Reached skill level 3 in Maces & Flails
  3257 | D:4      | Reached skill level 3 in Polearms
  3257 | D:4      | Reached skill level 3 in Staves
  3257 | D:4      | Reached skill level 3 in Ranged Weapons
  3257 | D:4      | Reached skill level 3 in Throwing
  3257 | D:4      | Reached skill level 3 in Armour
  3257 | D:4      | Reached skill level 3 in Stealth
  3257 | D:4      | Reached skill level 3 in Shields
  3257 | D:4      | Reached skill level 3 in Evocations
  3257 | D:4      | Reached XP level 8. HP: 18/60 MP: 14/16
  3464 | D:4      | Reached skill level 6 in Spellcasting
  3675 | D:4      | Found Oxzusol's Magic Scroll Emporium.
  4055 | D:4      | Found a sparkling altar of Nemelex Xobeh.
  4065 | D:4      | Found a glowing silver altar of Zin.
  4075 | D:4      | Noticed Sigmund
  4088 | D:4      | Killed Sigmund
  4337 | D:5      | Entered Level 5 of the Dungeon
  4453 | D:5      | Reached skill level 4 in Invocations
  4456 | D:5      | Reached skill level 3 in Conjurations
  4456 | D:5      | Reached skill level 3 in Hexes
  4456 | D:5      | Reached skill level 3 in Summonings
  4456 | D:5      | Reached skill level 3 in Necromancy
  4456 | D:5      | Reached skill level 3 in Translocations
  4456 | D:5      | Reached skill level 3 in Fire Magic
  4456 | D:5      | Reached skill level 3 in Ice Magic
  4456 | D:5      | Reached skill level 3 in Air Magic
  4456 | D:5      | Reached skill level 3 in Earth Magic
  4456 | D:5      | Reached skill level 3 in Poison Magic
  4873 | D:5      | Reached skill level 6 in Dodging
  4880 | D:5      | Reached skill level 5 in Transmutations
  5354 | D:6      | Reached skill level 4 in Short Blades
  5354 | D:6      | Reached skill level 4 in Long Blades
  5354 | D:6      | Reached skill level 4 in Axes
  5354 | D:6      | Reached skill level 4 in Maces & Flails
  5354 | D:6      | Reached skill level 4 in Polearms
  5354 | D:6      | Reached skill level 4 in Staves
  5354 | D:6      | Reached skill level 4 in Ranged Weapons
  5354 | D:6      | Reached skill level 4 in Throwing
  5354 | D:6      | Reached skill level 4 in Armour
  5354 | D:6      | Reached skill level 4 in Stealth
  5354 | D:6      | Reached skill level 4 in Shields
  5354 | D:6      | Reached skill level 4 in Evocations
  5354 | D:6      | Reached XP level 9. HP: 55/67 MP: 15/18
  5452 | D:6      | Found a staircase to the Ecumenical Temple.
  5461 | Temple   | Entered the Ecumenical Temple
  5509 | Temple   | Became a worshipper of Cheibriados the Contemplative
  5538 | D:6      | Reached skill level 5 in Fighting
  5552 | D:6      | HP: 20/80 [wight/+0 battleaxe (12)]
  5553 | D:6      | Slain by a wight

Illustrated notes

Levels and vault maps discovered:
D:1:      nicolae_arrival_washed_ashore, layout_basic, st_stairs_9
D:2:      layout_loops_ring, minmay_randomly_rotated_circles
D:3:      layout_loops_ring, small_statue_alley_b, kennysheep_big_empty_room
D:4:      layout_layer_cave, amethyst_overflow_temple_binary,
          mainiacjoe_overflow_alcove_1, serial_shops, nicolae_shop_hallway_plus,
          serial_bayou, serial_bayou_lake_a, serial_bayou_pond_d,
          serial_bayou_lagoon_a, serial_bayou_shore_b, serial_bayou_pond_c,
          uniq_edmund, uniq_pikel, uniq_sigmund, uniq_grinder
D:5:      layout_rooms
D:6:      layout_basic, minmay_temple_entry_sparse_star,
          hangedman_feature_mirror, minmay_ruffians
Temple:   hellmonk_temple_of_storms

Skill      XL: |  1  2  3  4  5  6  7  8  9 |
---------------+----------------------------+-----
Spellcasting   | 5 6 |  6.7
Invocations    | 1 2 3 4 |  4.7
Short Blades   | 1 2 3 4 |  4.3
Long Blades    | 1 2 3 4 |  4.3
Axes           | 1 2 3 4 |  4.3
Maces & Flails | 1 2 3 4 |  4.3
Polearms       | 1 2 3 4 |  4.3
Staves         | 1 2 3 4 |  4.3
Ranged Weapons | 1 2 3 4 |  4.3
Throwing       | 1 2 3 4 |  4.3
Armour         | 1 2 3 4 |  4.3
Stealth        | 1 2 3 4 |  4.3
Shields        | 1 2 3 4 |  4.3
Evocations     | 1 2 3 4 |  4.3
Conjurations   | 1 2 3 |  3.5
Hexes          | 1 2 3 |  3.5
Summonings     | 1 2 3 |  3.5
Necromancy     | 1 2 3 |  3.5
Translocations | 1 2 3 |  3.5
Fire Magic     | 1 2 3 |  3.5
Ice Magic      | 1 2 3 |  3.5
Air Magic      | 1 2 3 |  3.5
Earth Magic    | 1 2 3 |  3.5
Poison Magic   | 1 2 3 |  3.5
Fighting       | 3 4 5 |  5.1
Transmutations | 4 5 |  5.3
Dodging        | 5 6 |  6.3
Unarmed Combat | 7 |  7.9

Action                   |  1- 3 |  4- 6 |  7- 9 || total
-------------------------+-------+-------+-------++-------
Melee: Unarmed           |    67 |   115 |   130 ||   312
       Kick              |    12 |    20 |       ||    32
       Headbutt          |     7 |    16 |       ||    23
       Bite              |     4 |     7 |       ||    11
       Punch             |     1 |     3 |       ||     4
Throw: Stone             |     4 |       |       ||     4
 Cast: Beastly Appendage |    15 |    34 |       ||    49
       Spider Form       |       |     1 |    17 ||    18
       Ice Form          |       |       |     1 ||     1
 Abil: End Transformatio |     6 |    30 |    14 ||    50
 Stab: Sleeping          |     2 |       |       ||     2
Armor: Robe              |     6 |    14 |     1 ||    21
       Skin              |       |       |     2 ||     2
Dodge: Dodged            |    26 |    56 |    99 ||   181
Block: Other             |       |       |     7 ||     7

Table legend: (Time is in decaauts)
 A = Elapsed time spent in this place.
 B = Non-inter-level travel time spent in this place.
 C = Inter-level travel time spent in this place.
 D = Time resting spent in this place.
 E = Time spent auto-exploring this place.
 F = Levels seen in this place.
 G = Mean time per level.
                   A        B        C        D        E       F      G
               +--------+--------+--------+--------+--------+-----+--------+
         Total |   5571 |   5438 |    133 |    330 |   4234 |   7 |  795.9 |
       Dungeon |   5508 |   5389 |    119 |    330 |   4220 |   6 |  918.0 |
        Temple |     62 |     49 |     13 |      0 |     14 |   1 |   62.0 |
               +--------+--------+--------+--------+--------+-----+--------+

Top non-repeatable levels by time:
     D:4: 1806 daAuts
     D:1: 999 daAuts
     D:2: 883 daAuts
     D:5: 876 daAuts
     D:3: 672 daAuts
     D:6: 269 daAuts
  Temple: 62 daAuts

Table legend:
 A = Kills in this place as a percentage of kills in entire the game.
 B = Kills by you in this place as a percentage of kills by you in the entire game.
 C = Kills by friends in this place as a percentage of kills by friends in the entire game.
 D = Other kills in this place as a percentage of other kills in the entire game.
 E = Experience gained in this place as a percentage of experience gained in the entire game.
 F = Experience gained in this place divided by the number of levels of this place that you have seen.
                   A       B       C       D       E      F
               +-------+-------+-------+-------+-------+----------------------
         Total | 100.0 | 100.0 |   N/A |   N/A | 100.0 | 463.0
       Dungeon | 100.0 | 100.0 |   N/A |   N/A | 100.0 | 540.2
               +-------+-------+-------+-------+-------+----------------------
